 Dungeon Crawl Stone Soup version 0.17-a0-484-g0e03f6a (webtiles) character file.

13674 gleb877 the Covert (level 11, 0/87 HPs)
             Began as a Vampire Monk on Apr 10, 2015.
             Was a High Priest of Nemelex Xobeh.
             Killed from afar by an electric eel (12 damage)
             ... with a bolt of electricity
             ... on level 11 of the Dungeon.
             The game lasted 03:32:41 (13419 turns).

gleb877 the Covert (Vampire Monk)                  Turns: 13419, Time: 03:32:44

Health: 0/87       AC:  7    Str: 13    XL:     11   Next: 78%
Magic:  16/16      EV: 22    Int: 12    God:    Nemelex Xobeh [*****.]
Gold:   625        SH:  5    Dex: 16    Spells: 0 memorised, 10 levels left

rFire  . . .     SeeInvis +       - Unarmed
rCold  + . .     Clarity  .     E - +2 robe {MR+}
rNeg   + . .     SustAb   .     I - +2 buckler {reflect}
rPois  .         Gourm    .     (no helmet)
rElec  .         Spirit   .     n - +1 cloak
rCorr  .         Warding  .     u - +0 pair of gloves
rMut   .         Stasis   .     (no boots)
MR     ++...                    (no amulet)
Stlth  ++++++....               Z - ring of protection from cold
                                d - +4 ring of evasion

@: very resistant to hostile enchantments, very stealthy
A: fangs 3, see invisible, mutation resistance 1, unbreathing
a: Bat Form, Triple Draw, Deal Four, Stack Five, Renounce Religion


You were on level 11 of the Dungeon.
You worshipped Nemelex Xobeh.
Nemelex Xobeh was extremely pleased with you.
You were not thirsty.

You visited 2 branches of the dungeon, and saw 12 of its levels.

You collected 625 gold pieces.

Inventory:

Hand weapons
 c - a +2 hunting sling of flaming
Missiles
 i - 11 silver sling bullets
 v - 20 arrows of flame
 w - 29 poisoned needles
Armour
 n - a +1 cloak (worn)
 p - a +2 robe of magic resistance
 r - a +0 leather armour of cold resistance
 s - a +1 ring mail of fire resistance
 u - a +0 pair of gloves (worn)
 E - a +2 robe of magic resistance (worn)
 H - the +1 leather armour of Space {+Blink rElec rPois}
   (You found it on level 7 of the Dungeon)

   It insulates you from electricity.
   It protects you from poison.
   It lets you blink.
 I - a +2 buckler of reflection (worn)
Magical staves
 G - an uncursed staff of power {unknown}
Jewellery
 d - a +4 ring of evasion (left hand)
 m - an uncursed ring of positive energy
 y - an uncursed ring of sustain abilities
 D - an uncursed ring of stealth
 J - an uncursed ring of positive energy
 X - an uncursed ring of stealth
 Z - a ring of protection from cold (right hand)
Magical devices
 h - a wand of fireball (8)
 o - a wand of slowing (11)
 M - a wand of paralysis (3)
Scrolls
 g - 2 scrolls of recharging
 l - 4 scrolls of teleportation
 z - a scroll of magic mapping
 Q - a scroll of fear
 T - 2 scrolls of blinking
 U - a scroll of remove curse
 V - a scroll of fog
Potions
 b - 16 potions of blood
 j - 3 potions of cure mutation
 k - a potion of brilliance
 q - a potion of flight
 x - 3 potions of berserk rage
 B - a potion of agility
 C - a potion of might
 F - 2 potions of haste
 K - a potion of cancellation
 L - a potion of resistance
 O - 2 potions of curing
 R - 2 potions of ambrosia
 Y - a potion of restore abilities {unknown}
Books
 N - Vehumet's Catalogue of Scorching Blows and Bruises
   (You found it on level 9 of the Dungeon)

   Spells                             Type                      Level
   a - Throw Flame                    Conjuration/Fire             2
   b - Conjure Flame                  Conjuration/Fire             3
   c - Delayed Fireball               Conjuration/Fire             7
 S - a book of Frost

   Spells                             Type                      Level
   a - Freeze                         Ice                          1
   b - Throw Frost                    Conjuration/Ice              2
   c - Ozocubu's Armour               Charms/Ice                   3
   d - Throw Icicle                   Conjuration/Ice              4
   e - Summon Ice Beast               Ice/Summoning                4
   f - Condensation Shield            Ice                          4
 W - a book of Battle

   Spells                             Type                      Level
   a - Infusion                       Charms                       1
   b - Shroud of Golubria             Charms/Translocation         2
   c - Song of Slaying                Charms                       2
   d - Spectral Weapon                Hexes/Charms                 3
   e - Regeneration                   Charms/Necromancy            3
Miscellaneous
 a - a plain deck of war {drawn: 2}
 e - a plain deck of war
 A - an ornate deck of escape {drawn: 1}
 P - a plain deck of escape {drawn: 1}


   Skills:
 + Level 8.4 Fighting
 + Level 10.5 Dodging
 + Level 12.5 Stealth
 + Level 11.0 Unarmed Combat
 + Level 7.1 Evocations


You had 10 spell levels left.
You didn't know any spells.

Dungeon Overview and Level Annotations

Branches:
Dungeon (11/15)            Temple (1/1) D:5            Lair (0/8) D:10
    Orc: D:9-12

Altars:
Ashenzari
Cheibriados
Dithmenos
Elyvilon
Fedhas
Gozag
Kikubaaqudgha
Makhleb
Nemelex Xobeh
Okawaru
Qazlal
Ru
Sif Muna
Trog
Vehumet
Xom
Yredelemnul
Zin
The Shining One

Shops:
D:5 :   D:9 (

Annotations:
D:9 exclusion: oklob sapling
D:10 exclusion: oklob plant


Innate Abilities, Weirdness & Mutations

You have razor-sharp teeth.
You have supernaturally acute eyesight.
You can survive without breathing.
You are somewhat resistant to further mutation.


Message History

The electric eel shoots out a bolt of lightning at you!
The bolt of electricity hits the plant.
The bolt of electricity hits you! The bolt of electricity hits you!
Things that are here:
a +0 ring mail; a +0 leather armour; the Guide on Battle Magic The electric eel shoots out a bolt of lightning at you!
The bolt of electricity hits the plant.
The plant is destroyed!
The bolt of electricity hits your hellwing.
The bolt of electricity hits you!
* * * LOW HITPOINT WARNING * * *
The bolt of electricity hits you!
* * * LOW HITPOINT WARNING * * *
The electric eel shoots out a bolt of lightning at you!
The bolt of electricity hits the plant.
The bolt of electricity hits your hellwing.
Your hellwing's corpse armour sloughs away.
The bolt of electricity hits you!
You die...
Your body glows with a rainbow of weird colours and disappears.

.......P.. #....≈≈..P.
#.P≈≈≈≈≈≈PP. ######
#..≈≈≈≈≈≈≈.. #....#
#...;≈≈≈≈≈... ##...#
#..P.≈≈≈≈≈≈.. #...#
#.#...;≈≈≈≈.. ###'####
###.##4PP.≈≈....
.#...#.#####....@[.hP...P..
.'...'....+.............+..
##...#.#####.###+##.....#
###'##'#####'## .....#
'....'.'......+... .....+
#..###'##.##.##.........#
#'####.##.##'#.....##+##
...........'.+.....+
#'###.##.###'#.....##+### .
.


You could see 2 electric eels, a friendly hellwing and a friendly hell hound.

Vanquished Creatures
  Erolcha (D:10)
  A hydra (D:11)
  Erica (D:11)
  Nergalle (D:10)
  An unseen horror (D:9)
  4 hill giants (D:10)
  2 ugly things (D:9)
  2 wandering mushrooms (D:9)
  A tengu conjurer (D:9)
  2 trolls
  Grinder (D:3)
  A wraith (D:10)
  2 hungry ghosts
  3 yaks (D:11)
  A fire bat (D:9)
  A water moccasin (D:10)
  An orc warrior (D:11)
  A porcupine (D:7)
  2 ice beasts
  A phantom (D:8)
  A necrophage (D:5)
  2 sky beasts
  3 black bears
  The ghost of Kisielow the Insei, an average MfTm (D:3)
  3 centaurs
  3 big kobolds
  A crocodile (D:8)
  4 giant frogs
  A gnoll sergeant (D:11)
  3 jellies
  3 wyvern skeletons
  4 scorpions
  7 wights
  8 killer bees
  An electric eel (D:11)
  A goliath beetle (D:6)
  3 crimson imps
  3 iguanas
  3 orc wizards
  A centaur skeleton (D:8)
  4 hounds
  2 orc priests
  Jessica (D:3)
  Terence (D:3)
  3 worker ants
  A hound skeleton (D:4)
  6 adders
  6 gnolls
  2 worms
  An adder skeleton (D:4)
  An ooze (D:2)
  21 orcs
  6 giant cockroaches
  13 goblins
  16 hobgoblins
  6 jackals
  25 kobolds
  A ball python (D:4)
  A ball python skeleton (D:4)
  14 bats
  6 giant geckos
  A giant newt (D:3)
  A giant spore (D:9)
  A jackal skeleton (D:4)
  A quokka (D:4)
  16 rats
  2 ballistomycetes (D:8)
245 creatures vanquished.

Vanquished Creatures (collateral kills)
  A rakshasa (D:9)
  A tengu warrior (D:9)
  A wandering mushroom (D:9)
  3 yaks (D:11)
  6 orc warriors
  A sky beast (D:9)
  3 ogres
  A necrophage (D:9)
  2 phantoms (D:8)
  2 big kobolds (D:9)
  2 giant frogs (D:9)
  2 scorpions
  A killer bee (D:9)
  A jelly (D:9)
  2 orc priests
  3 giant frog skeletons
  7 orc wizards
  2 worker ants (D:8)
  A centaur simulacrum (D:9)
  A worker ant zombie (D:9)
  An adder (D:7)
  21 orcs
  4 hobgoblins
  A quokka (D:9)
  A bat (D:9)
  A kobold (D:9)
72 creatures vanquished.

Vanquished Creatures (others)
  A sixfirhy (D:9)
  A blue devil (D:9)
  An air elemental (D:9)
  A deep elf mage (D:11)
  2 dancing weapons
  4 hell hounds
  2 centaurs (D:8)
  2 killer bees (D:9)
  2 gnolls (D:11)
  An orc (D:9)
  A giant spore (D:8)
  A plant (D:11)
19 creatures vanquished.

Grand Total: 336 creatures vanquished

Notes
Turn   | Place    | Note
--------------------------------------------------------------
     0 | D:1      | gleb877, the Vampire Monk, began the quest for the Orb.
     0 | D:1      | Reached XP level 1. HP: 17/17 MP: 1/1
   182 | D:1      | Reached XP level 2. HP: 20/23 MP: 2/2
  1073 | D:2      | Reached XP level 3. HP: 26/28 MP: 3/3
  1079 | D:2      | Reached skill level 5 in Unarmed Combat
  1436 | D:2      | Found a glowing silver altar of Zin.
  1626 | D:2      | Reached XP level 4. HP: 33/35 MP: 4/4
  2312 | D:3      | Noticed Grinder
  2336 | D:3      | Paralysed by Grinder for 2 turns
  2341 | D:3      | Killed Grinder
  2341 | D:3      | Reached skill level 5 in Dodging
  2341 | D:3      | Reached skill level 6 in Unarmed Combat
  2341 | D:3      | Reached XP level 5. HP: 10/41 MP: 5/5
  2341 | D:3      | Reached XP level 6. HP: 11/47 MP: 6/6
  2687 | D:3      | Noticed Kisielow's ghost (average MfTm)
  2720 | D:3      | Killed Kisielow's ghost
  3158 | D:3      | Noticed Terence
  3167 | D:3      | Killed Terence
  3298 | D:3      | Noticed Jessica
  3324 | D:3      | Killed Jessica
  3689 | D:3      | You fall through a shaft!
  3789 | D:4      | Reached XP level 7. HP: 53/53 MP: 7/7
  4233 | D:4      | Reached skill level 7 in Unarmed Combat
  4552 | D:4      | Reached skill level 5 in Stealth
  4741 | D:5      | Entered Level 5 of the Dungeon
  4742 | D:5      | Found a staircase to the Ecumenical Temple.
  5105 | Temple   | Entered the Ecumenical Temple
  5196 | Temple   | Became a worshipper of Nemelex Xobeh the Trickster
  5196 | Temple   | Received a gift from Nemelex Xobeh
  5196 | Temple   | Received a gift from Nemelex Xobeh
  5256 | D:5      | Found a glowing silver altar of Zin.
  5472 | D:5      | Received a gift from Nemelex Xobeh
  5604 | D:5      | Found Coggauz's Book Shoppe.
  5902 | D:5      | Reached XP level 8. HP: 61/61 MP: 8/8
  5958 | D:6      | Reached skill level 1 in Evocations
  6070 | D:6      | Received a gift from Nemelex Xobeh
  6158 | D:6      | Acquired Nemelex Xobeh's first power
  6569 | D:6      | Found a sacrificial altar of Ru.
  6685 | D:7      | Received a gift from Nemelex Xobeh
  6701 | D:7      | Reached skill level 5 in Fighting
  6794 | D:7      | Got a heavily runed leather armour
  7014 | D:7      | Received a gift from Nemelex Xobeh
  7031 | D:7      | Acquired Nemelex Xobeh's second power
  7414 | D:7      | Found a stormy altar of Qazlal.
  7510 | D:7      | Found a blossoming altar of Fedhas.
  7511 | D:7      | Found a shimmering altar of Xom.
  8031 | D:8      | Reached skill level 8 in Unarmed Combat
  8102 | D:8      | Reached XP level 9. HP: 68/68 MP: 11/11
  8120 | D:8      | Received a gift from Nemelex Xobeh
  8382 | D:8      | Received a gift from Nemelex Xobeh
  8400 | D:8      | Found a white marble altar of Elyvilon.
  8772 | D:8      | Found a shadowy altar of Dithmenos.
  9177 | D:9      | Found a basalt altar of Yredelemnul.
  9207 | D:9      | Reached skill level 9 in Stealth
  9927 | D:9      | Found a blossoming altar of Fedhas.
 10004 | D:9      | Received a gift from Nemelex Xobeh
 10044 | D:9      | Noticed an unseen horror
 10058 | D:9      | Reached XP level 10. HP: 71/77 MP: 13/13
 10203 | D:9      | Killed an unseen horror
 10203 | D:9      | Reached skill level 10 in Stealth
 10264 | D:9      | Identified the Guide on Battle Magic
 10286 | D:9      | Noticed a green ugly thing
 10287 | D:9      | Noticed a tengu warrior
 10301 | D:9      | Killed a green ugly thing
 10301 | D:9      | Reached skill level 5 in Evocations
 10302 | D:9      | Noticed a rakshasa
 10308 | D:9      | Killed a tengu warrior
 10325 | D:9      | Killed a rakshasa
 10383 | D:9      | Gained mutation: You are somewhat resistant to further mutation. [potion of beneficial mutation]
 10409 | D:9      | Identified Vehumet's Catalogue of Scorching Blows and Bruises
 10625 | D:9      | Found Cufo's Antique Weapon Emporium.
 10949 | D:10     | Entered Level 10 of the Dungeon
 10956 | D:10     | Reached skill level 10 in Unarmed Combat
 10961 | D:10     | Noticed an oklob plant
 10962 | D:10     | Noticed Nergalle
 10964 | D:10     | Found a staircase to the Lair.
 10980 | D:10     | Killed Nergalle
 10980 | D:10     | Reached skill level 11 in Stealth
 11022 | D:10     | Identified the +1 leather armour of Space {+Blink rElec rPois} (You found it on level 7 of the Dungeon)
 11139 | D:10     | Noticed a hill giant
 11169 | D:10     | Received a gift from Nemelex Xobeh
 11252 | D:10     | Noticed a hill giant
 11297 | D:10     | Killed a hill giant
 11297 | D:10     | Reached XP level 11. HP: 51/85 MP: 15/15
 11380 | D:10     | Noticed Erolcha
 11387 | D:10     | Killed Erolcha
 11527 | D:10     | Noticed a hill giant
 11543 | D:10     | Killed a hill giant
 11554 | D:10     | Reached skill level 10 in Dodging
 11766 | D:10     | Noticed a hill giant
 11774 | D:10     | Killed a hill giant
 12013 | D:10     | Killed a hill giant
 12095 | D:11     | Acquired Nemelex Xobeh's third power
 12525 | D:11     | Reached skill level 12 in Stealth
 12651 | D:11     | Noticed a four-headed hydra
 12653 | D:11     | Noticed Erica
 12657 | D:11     | Killed a four-headed hydra
 12674 | D:11     | Killed Erica
 12943 | D:11     | Received a gift from Nemelex Xobeh
 13405 | D:11     | Received a gift from Nemelex Xobeh
 13419 | D:11     | Killed from afar by an electric eel

Action                   |  1- 3 |  4- 6 |  7- 9 | 10-12 || total
-------------------------+-------+-------+-------+-------++-------
Melee: Unarmed           |   146 |   146 |   465 |   402 ||  1159
 Abil: End Transformatio |     1 |       |     1 |     1 ||     3
       Bat Form          |     1 |       |     1 |     1 ||     3
       Evoke Blink       |       |       |       |     1 ||     1
Evoke: Deck              |       |       |    38 |    21 ||    59
       Wand              |       |       |       |     5 ||     5
  Use: Scroll            |     8 |     5 |    18 |     4 ||    35
       Potion            |     1 |     8 |    13 |    17 ||    39
 Stab: Sleeping          |     1 |     5 |    11 |     7 ||    24
       Distracted        |       |       |     2 |       ||     2
       Confused          |       |       |     1 |       ||     1
       Paralysed         |       |       |       |    20 ||    20
  Eat: Corpse            |     3 |     2 |     1 |     2 ||     8
